 Dungeon Crawl Stone Soup version 0.29.1-1-gd02db6906a (webtiles) character file.

Game seed: 15362632256409818247

4 MisterFreud the Covert (level 1, -5/21 (23) HPs)
             Began as a Gnoll Delver on Oct 4, 2022.
             Killed from afar by Natasha (7 damage)
             ... with a magic dart
             ... on level 3 of the Dungeon.
             The game lasted 00:00:57 (466 turns).

MisterFreud the Covert (Gnoll Delver)                Turns: 466, Time: 00:00:58

HP:   -5/21 (23)    AC:  3    Str: 11    XL:     1   Next: 70%
MP:   1/1           EV: 13    Int:  9    God:
Gold: 26            SH:  0    Dex: 13    Spells: 0/0 levels left

rFire   . . .      SeeInvis .   a - +0 short sword
rCold   . . .      Faith    .   (no shield)
rNeg    . . .      Spirit   .   b - +0 leather armour
rPois   .          Reflect  .   (no helmet)
rElec   .          Harm     .   (no cloak)
rCorr   .          Rampage  .   (no gloves)
Will    .....                   (no boots)
Stlth   ++++......              (no amulet)
HPRegen 0.07/turn               (no ring)
MPRegen 0.07/turn               (no ring)

@: drained
A: fangs 1, strong nose, distributed training
a: no special abilities


You were on level 3 of the Dungeon.
You visited 1 branch of the dungeon, and saw 3 of its levels.

You collected 26 gold pieces.

Inventory:

Hand Weapons
 a - a +0 short sword (weapon)
Armour
 b - a +0 leather armour (worn)
Wands
 g - a wand of digging (3)
Scrolls
 c - a scroll of fog
 d - a scroll of magic mapping


   Skills:
 + Level 6.4 Fighting
 + Level 4.4 Short Blades
 + Level 0.1 Long Blades
 + Level 0.1 Axes
 + Level 0.1 Maces & Flails
 + Level 0.1 Polearms
 + Level 0.1 Staves
 + Level 0.1 Ranged Weapons
 + Level 0.1 Throwing
 + Level 0.1 Armour
 + Level 4.4 Dodging
 + Level 9.5 Stealth
 + Level 0.1 Shields
 + Level 0.1 Unarmed Combat
 + Level 0.1 Spellcasting
 + Level 0.1 Conjurations
 + Level 0.1 Hexes
 + Level 0.1 Summonings
 + Level 0.1 Necromancy
 + Level 0.1 Translocations
 + Level 0.1 Transmutations
 + Level 0.1 Fire Magic
 + Level 0.1 Ice Magic
 + Level 0.1 Air Magic
 + Level 0.1 Earth Magic
 + Level 0.1 Poison Magic
 + Level 0.2 Invocations
 + Level 0.1 Evocations


You couldn't memorise any spells.
You didn't know any spells.
Your spell library contained the following spells:

 Spells                   Type           Power      Damage    Failure   Level
 Magic Dart               Conj           0%         1d3       45%         1
 Searing Ray              Conj           0%         2d4       61%         2
 Fulminant Prism          Conj/Hex       0%         3d6       99%         4


Dungeon Overview and Level Annotations

Branches:
Dungeon (5/15)
 Temple: D:4-7

Altars:

Annotations:
D:3 Natasha


Innate Abilities, Weirdness & Mutations

You have very sharp teeth.
Your uncanny sense of smell can sniff out nearby items.
Your experience applies equally to all skills.


Message History

You hit Natasha but do no damage. Natasha misses you.
You closely miss Natasha. Your bite misses Natasha. Natasha closely misses you.
You hit Natasha.
Natasha is lightly wounded.
Natasha claws you.
You barely miss Natasha. You bite Natasha, but do no damage.
Natasha is lightly wounded.
Natasha claws you.
You barely miss Natasha. Your bite misses Natasha.
Natasha is lightly wounded.
Natasha claws you.
You closely miss Natasha.
Natasha is lightly wounded.
Natasha casts a spell at you. The magic dart hits you.
* * * LOW HITPOINT WARNING * * *
You hit Natasha.
Natasha is moderately wounded.
The crimson imp blinks!
You closely miss Natasha. Your bite misses Natasha.
Natasha is moderately wounded.
Natasha misses you.
You hit Natasha.
Natasha is moderately wounded.
Natasha claws you.
* * * LOW HITPOINT WARNING * * *
You aren't carrying any potions.
Unknown command.
Unknown command.
As you read the scroll of fear, it crumbles to dust.
You assume a fearsome visage.
Natasha looks frightened!
The crimson imp looks frightened!
The crimson imp blinks!
The crimson imp blinks!
The crimson imp blinks!
Found a stone staircase leading up.
Found 10 gold pieces.
Natasha hisses angrily.
Natasha stares at you and mumbles some strange words.
The magic dart hits you!
You die...

#.# .# #.# .# #.# .#
###.# .# ...# $#
##.##.# #######...#.#
#..h<..@....#
#.#####...### ##.##
#.#
#.######.#############
#..)................#
#.##################.#
#.# #.#


You could see Natasha.

Vanquished Creatures
  An orc (D:3)
  2 giant cockroaches (D:3)
3 creatures vanquished.

Notes
Turn   | Place    | Note
-------+----------+-------------------------------------------
     0 | D:5      | Reached skill level 9 in Stealth
     0 | D:5      | MisterFreud the Gnoll Delver began the quest for the Orb.
     0 | D:5      | Reached XP level 1. HP: 23/23 MP: 1/1
    20 | D:5      | Noticed a necrophage
    60 | D:3      | Noticed a jelly
   438 | D:3      | Noticed Natasha
   441 | D:3      | Noticed a crimson imp
   455 | D:3      | HP: 1/21 [Natasha (3)]
   466 | D:3      | Killed from afar by Natasha

Illustrated notes

Levels and vault maps discovered:
D:3:      layout_loops_ring, marbit_many_paths, minmay_overflow_temple_star_hex,
          portal_sewer_entry_e, basic_ecumenical_altar, uniq_natasha
D:4:      layout_loops_ring, cheibrodos_worm_habitat,
          minmay_temple_entry_large_hall, uniq_eustachio, uniq_edmund
D:5:      layout_rooms, nicolae_gozag_zags_fifth_avenue, corexii_checkpoint_a

Skill      XL: | |
---------------+-+-----
Stealth        | |  9.5
Fighting       | |  6.4
Short Blades   | |  4.4
Long Blades    | |  0.1
Axes           | |  0.1
Maces & Flails | |  0.1
Polearms       | |  0.1
Staves         | |  0.1
Ranged Weapons | |  0.1
Throwing       | |  0.1
Armour         | |  0.1
Dodging        | |  4.4
Shields        | |  0.1
Unarmed Combat | |  0.1
Spellcasting   | |  0.1
Conjurations   | |  0.1
Hexes          | |  0.1
Summonings     | |  0.1
Necromancy     | |  0.1
Translocations | |  0.1
Transmutations | |  0.1
Fire Magic     | |  0.1
Ice Magic      | |  0.1
Air Magic      | |  0.1
Earth Magic    | |  0.1
Poison Magic   | |  0.1
Invocations    | |  0.2
Evocations     | |  0.1

Action                   || total
-------------------------++-------
Melee: Short sword       ||    49
       Bite              ||     8
  Use: Potion            ||     2
       Scroll            ||     1
 Stab: Sleeping          ||     1
Armor: Leather armour    ||     9
Dodge: Dodged            ||    29
